 Dungeon Crawl Stone Soup version 0.18.1-48-g4cf74bf (webtiles) character file.

153 Lennu the Charmwright (level 5, 0/39 HPs)
             Began as a Formicid Skald on June 28, 2016.
             Succumbed to an orc wizard's poison
             ... on level 4 of the Dungeon.
             The game lasted 00:22:20 (4184 turns).

Lennu the Charmwright (Formicid Skald)              Turns: 4184, Time: 00:22:21

Health: 0/39       AC:  8    Str: 16 (18) XL:     5   Next: 61%
Magic:  7/9        EV: 14    Int:  8 (11) God:
Gold:   85         SH:  4    Dex: 14 (15) Spells: 2 memorised, 5 levels left

rFire  x . .     SeeInvis +     z - +0 trident
rCold  + + .     Gourm    .     A - +2 scale mail {rC+}
rNeg   . . .     Faith    .     p - +0 buckler
rPois  .         Spirit   .     (helmet unavailable)
rElec  .         Dismiss  .     (no cloak)
rCorr  .         Reflect  .     (no gloves)
SustAt .         Harm     .     (no boots)
MR     .....                    (no amulet)
Stlth  +.........               (no ring)
                                e - ring of ice

@: agile, lethally poisoned (0 -> -20), infused (expiring), very slightly
contaminated, invisible, not resistant to hostile enchantments, very unstealthy
A: permanent stasis, dig shafts and tunnels, four strong arms, antennae 3
a: Dig, Shaft Self


You were on level 4 of the Dungeon.
You were not hungry.

You visited 1 branch of the dungeon, and saw 4 of its levels.

You collected 85 gold pieces.

Inventory:

Hand Weapons
 z - a +0 trident (weapon)
Missiles
 t - 5 silver tomahawks (quivered)
Armour
 p - a +0 buckler (worn)
 A - a +2 scale mail of cold resistance (worn)
Jewellery
 e - a ring of ice (left hand)
Scrolls
 b - 2 scrolls of amnesia
 f - 4 scrolls of remove curse
 k - 5 scrolls of identify {unknown}
 m - a scroll of fog {unknown}
 o - a scroll of magic mapping {unknown}
 q - a scroll of enchant weapon {unknown}
 v - 3 scrolls of teleportation {unknown}
 y - a scroll of recharging {unknown}
Potions
 h - a potion of heal wounds {unknown}
 l - a potion of agility
 u - a potion of curing {unknown}
 w - a potion of degeneration
 x - a potion of flight {unknown}
Books
 c - a book of Battle

   Spells                             Type                      Level
   a - Infusion                       Charms                       1
   b - Shroud of Golubria             Charms/Translocation         2
   c - Song of Slaying                Charms                       2
   d - Spectral Weapon                Hexes/Charms                 3
   e - Regeneration                   Charms/Necromancy            3
Comestibles
 d - 2 bread rations
 g - a meat ration
 j - 2 slices of pizza
 r - 3 fruits
 s - a beef jerky


   Skills:
 * Level 2.7 Fighting
 * Level 3.0 Polearms
 * Level 2.4 Armour
 * Level 1.8 Dodging
 * Level 1.0 Shields
 * Level 2.7 Spellcasting
 * Level 3.7 Charms


You had 5 spell levels left.
You knew the following spells:

 Your Spells              Type           Power        Failure   Level  Hunger
a - Infusion              Chrm           #...         38%         1    ##.....
b - Regeneration          Chrm/Necr      #.........   99%         3    ####...


Dungeon Overview and Level Annotations

Branches:
Dungeon (4/15)
 Temple: D:4-7

Altars:
Vehumet
Xom


Innate Abilities, Weirdness & Mutations

You are under a permanent stasis effect.
You can dig through walls and to a lower floor.
Your four strong arms can wield two-handed weapons with a shield.
You have a pair of large antennae on your head (SInv).


Message History

You feel very sick.
The orc wizard gestures at you while chanting.
The puff of flame hits you!
Drink which item? (? for menu, Esc to quit)
It was a potion of agility.
You feel agile all of a sudden.
Your magical infusion is running out.
* * * LOW HITPOINT WARNING * * *
You feel sick.
The orc wizard hits you with a dagger of venom.
* * * LOW HITPOINT WARNING * * *
Drink which item? (? for menu, Esc to quit)
It was a potion of invisibility.
You fade into invisibility!
* * * LOW HITPOINT WARNING * * *
You feel sick.
The orc wizard gestures at you while chanting.
The magic dart hits you!
* * * LOW HITPOINT WARNING * * *
You feel sick.
You die...

#.........#
#.........#
#.........#
+.........#
#.........#
#........[#
#########)#
#.# { #@#
#.# #.# #o#
#o# #o#
o.o. .....
#......


You could see 2 orc wizards and 2 orcs.

Vanquished Creatures
  An orc wizard (D:3)
  3 adders
  An ooze (D:3)
  4 worms
  4 giant geckos
  5 orcs
  8 bats
  5 giant cockroaches
  7 goblins
  2 hobgoblins
  4 jackals (D:3)
  11 kobolds
  A quokka (D:2)
  2 ball pythons (D:2)
  9 giant newts
  6 rats
  A toadstool (D:1)
74 creatures vanquished.

Vanquished Creatures (others)
  3 toadstools (D:1)
3 creatures vanquished.

Grand Total: 77 creatures vanquished

Notes
Turn   | Place    | Note
--------------------------------------------------------------
     0 | D:1      | Lennu the Formicid Skald began the quest for the Orb.
     0 | D:1      | Reached XP level 1. HP: 16/16 MP: 3/3
   151 | D:1      | Reached XP level 2. HP: 22/22 MP: 5/5
   213 | D:1      | Reached skill level 1 in Dodging
   924 | D:1      | Reached XP level 3. HP: 27/27 MP: 6/6
  1600 | D:2      | Reached XP level 4. HP: 34/34 MP: 5/7
  2908 | D:3      | Reached skill level 1 in Shields
  2908 | D:3      | Reached XP level 5. HP: 30/39 MP: 3/8
  3893 | D:3      | Found a shimmering altar of Xom.
  3894 | D:3      | Found a radiant altar of Vehumet.
  4000 | D:4      | Learned a level 3 spell: Regeneration
  4184 | D:4      | Succumbed to an orc wizard's poison

Skill      XL: |  1  2  3  4  5 |
---------------+----------------+-----
Dodging        | 1 |  1.8
Armour         | 2 |  2.4
Shields        | 1 |  1.0
Polearms       | 3 |  3.0
Fighting       | |  2.7
Spellcasting   | |  2.7
Charms         | |  3.7

Action                   |  1- 3 |  4- 6 || total
-------------------------+-------+-------++-------
Melee: Spear             |   119 |   165 ||   284
       Trident           |       |    52 ||    52
 Cast: Infusion          |     1 |    11 ||    12
  Use: Scroll            |       |     3 ||     3
       Potion            |       |     3 ||     3
  Eat: Chunk             |     2 |     9 ||    11
Armor: Leather armour    |     4 |       ||     4
       Chain mail        |    42 |    11 ||    53
       Ring mail         |       |    39 ||    39
       Scale mail        |       |     4 ||     4
Dodge: Dodged            |    32 |    82 ||   114
Block: Shield            |     4 |       ||     4
       Buckler           |       |    11 ||    11
